 Dungeon Crawl Stone Soup version 0.27-a0-679-g77a6b55cf3 (webtiles) character file.

Game seed: 6856163072539191675

56 kae the Ruffian (level 3, 0/31 HPs)
             Began as a Naga Transmuter on Mar 18, 2021.
             Slain by an adder (3 damage)
             ... on level 2 of the Dungeon.
             The game lasted 00:01:22 (2490 turns).

kae the Ruffian (Naga Transmuter)                   Turns: 2490, Time: 00:01:22

Health: 0/31       AC:  2    Str: 13    XL:     3   Next: 95%
Magic:  3/6        EV: 10    Int: 13    God:
Gold:   53         SH:  0    Dex: 11    Spells: 2/6 levels left

rFire    . . .     SeeInvis +     - Unarmed
rCold    . . .     Faith    .   (no shield)
rNeg     . . .     Spirit   .   a - +0 robe
rPois    +         Reflect  .   (helmet currently unavailable)
rElec    .         Harm     .   (no cloak)
rCorr    .         Rampage  .   (no gloves)
Will     .....                  (no barding)
Stlth    +.........             (no amulet)
HPRegen  0.10/turn              (no ring)
MPRegen  0.10/turn              (no ring)

@: lethally poisoned (0 -> -3), appendages (expiring), flying, very slightly
contaminated, invisible, very slow
A: horns 2, AC +1, large, see invisible, deformed body, poison resistance,
slowness 2, spit poison 1, naga tail 1
a: Spit Poison, End Transformation


You were on level 2 of the Dungeon.
You had temporarily grown beastly horns.
You visited 1 branch of the dungeon, and saw 2 of its levels.

You collected 53 gold pieces.

Inventory:

Armour
 a - a +0 robe (worn)
Scrolls
 b - a scroll of vulnerability {unknown}
 c - a scroll of amnesia {unknown}
 d - 3 scrolls of identify {unknown}
 e - a scroll of random uselessness {unknown}
Potions
 h - a potion of curing {unknown}
 i - a potion of haste {unknown}
 j - a potion of ambrosia {unknown}


   Skills:
 + Level 1.4 Fighting
 + Level 1.9 Dodging
 * Level 3.6 Unarmed Combat
 + Level 2.2 Spellcasting
 * Level 2.7 Transmutations


You had 2 spell levels left.
You knew the following spells:

 Your Spells              Type           Power      Damage    Failure   Level
a - Beastly Appendage     Tmut           16%        N/A       8%          1
b - Spider Form           Tmut/Pois      2%         N/A       38%         3

Your spell library contained the following spells:

 Spells                   Type           Power      Damage    Failure   Level
 Wereblood                Tmut           8%         N/A       12%         2
 Ice Form                 Ice/Tmut       5%         N/A       80%         4
 Blade Hands              Tmut           4%         N/A       91%         5


Dungeon Overview and Level Annotations

Branches:
Dungeon (2/15)

Altars:


Innate Abilities, Weirdness & Mutations

You have temporarily grown beastly horns.
Your serpentine skin is tough. (AC +1)
You have supernaturally acute eyesight. (SInv)
Armour fits poorly on your strangely shaped body.
Your system is resistant to poisons. (rPois)
You cover ground very slowly.
You can spit poison.
You have a snake-like lower body.


Message History

The goblin shouts!
You feel sick.
You hear a shout!
The adder bites you but does no damage.
You feel sick. The adder bites you.
You hit the adder.
The adder is heavily wounded.
The adder closely misses you. The adder bites you.
A gnoll comes into view. It is wielding a +0 spear.
You barely miss the adder. Your headbutt misses the adder.
The adder is heavily wounded.
The adder bites you.
You are too injured to fight recklessly!
You are too injured to fight recklessly!
You feel sick. The adder bites you.
You feel sick. The adder bites you. The adder bites you.
You feel sick.
Casting: Beastly Appendage (safe; 8% risk of failure)
Confirm with . or Enter, or press ? or * to list all spells.
The spell is extremely dangerous to cast (38% risk of failure)!
Continue anyway? [Y]es or [N]o only, please.
The spell is extremely dangerous to cast (38% risk of failure)!
Continue anyway?
You miscast Spider Form.
You are very lightly contaminated with residual magic.
You feel rather nauseous for a moment. You resist.
* * * LOW HITPOINT WARNING * * *
Your transformation is almost over.
The adder bites you.
* * * LOW HITPOINT WARNING * * *
The adder bites you.
* * * LOW HITPOINT WARNING * * *
It was a potion of flight.
You feel very buoyant.
You fly up into the air.
The adder bites you.
* * * LOW HITPOINT WARNING * * *
It was a potion of invisibility.
You fade into invisibility!
The adder bites you.
You die...

... ......### ...
#........ .(..
##.....# #.. .....
#).....## ....
.....##รท......##..#.
.......<.)..........
.........####...>...
..........####...#
.......##.@Sg....#
.....#. ####g..#...#
.....#.##.g......# #
.....#..............
...#.....$.........#
#.#..#..............
......g##.........
....... ##.####...
....... ... $..


You could see a gnoll, an adder and a goblin.

Vanquished Creatures
  A gnoll (D:2)
  An ooze (D:1)
  8 goblins
  6 hobgoblins (D:1)
  9 jackals
  2 kobolds (D:1)
  A quokka (D:1)
  3 bats (D:1)
  A frilled lizard (D:1)
  2 rats (D:1)
34 creatures vanquished.

Notes
Turn   | Place    | Note
-------+----------+-------------------------------------------
     0 | D:1      | kae the Naga Transmuter began the quest for the Orb.
     0 | D:1      | Reached XP level 1. HP: 18/18 MP: 3/3
   756 | D:1      | Reached XP level 2. HP: 25/25 MP: 3/5
  1167 | D:1      | Reached XP level 3. HP: 26/31 MP: 4/6
  2043 | D:1      | Learned a level 3 spell: Spider Form
  2490 | D:2      | Slain by an adder

Illustrated notes

Levels and vault maps discovered:
D:1:      evilmike_arrival_hilbert_curve, layout_loops_corners,
          minmay_misc_feat_plants
D:2:      layout_rooms, xom_teletrap_fun

Action                   || total
-------------------------++-------
Melee: Unarmed           ||    66
 Cast: Beastly Appendage ||    19
       Spider Form       ||     4
 Abil: Spit Poison       ||    22
  Use: Potion            ||     2
 Stab: Sleeping          ||     1
Armor: Robe              ||     6
       Skin              ||     4
Dodge: Dodged            ||    56

Table legend: (Time is in decaauts)
 A = Elapsed time spent in this place.
 B = Non-inter-level travel time spent in this place.
 C = Inter-level travel time spent in this place.
 D = Time resting spent in this place.
 E = Time spent auto-exploring this place.
 F = Levels seen in this place.
 G = Mean time per level.
                   A        B        C        D        E       F      G
               +--------+--------+--------+--------+--------+-----+--------+
         Total |   2877 |   2813 |     64 |    332 |   2197 |   2 | 1438.5 |
       Dungeon |   2877 |   2813 |     64 |    332 |   2197 |   2 | 1438.5 |
               +--------+--------+--------+--------+--------+-----+--------+

Top non-repeatable levels by time:
     D:1: 2766 daAuts
     D:2: 111 daAuts
